TOP OF THE 1ST |
Chicago (NYP) White Sox batting - Pitching for Idaho Falls Chukars : RHP Philip Terrell
|
Pitching: RHP Philip Terrell
|
|
Batting: LHB Adam Tarbutton
|
0-0: Swinging Strike 0-1: Swinging Strike 0-2: Foul Ball, location: 2F 0-2: Ball 1-2: Foul Ball, location: 2F 1-2: Ball 2-2: Foul Ball, location: 2F 2-2: Strikes out swinging
|
Batting: RHB Mark Jones
|
0-0: Ball 1-0: Ball 2-0: DOUBLE (Line Drive, 7LS, EV 103.8 MPH)
|
Batting: LHB Larry Myers
|
0-0: DOUBLE (Line Drive, 9LD, EV 109.4 MPH) Mark Jones scores
|
Batting: LHB Ryan Dyal
|
0-0: Ball 1-0: Ball 2-0: Called Strike 2-1: Foul Ball, location: 2F 2-2: Foul Ball, location: 2F 2-2: Foul Ball, location: 2F 2-2: Ball 3-2: SINGLE (Groundball, 6D, EV 105.0 MPH) Larry Myers to third Runner from 3rd tries for Home, SAFE, throw by CF to home
|
Pitching: RHP Gary Ackerman
|
|
Batting: LHB Carlos Ramirez
|
0-0: Called Strike Ryan Dyal steals 2nd base 0-1: Called Strike 0-2: Ball 1-2: Ball 2-2: Foul Ball, location: 2F 2-2: Ball 3-2: Base on Balls
|
Batting: RHB Yorkis Saiki
|
0-0: Ball 1-0: 3-RUN HOME RUN (Flyball, 7D, EV 92.5 MPH), Distance : 366 ft
|
Batting: RHB Vic Lucatero
|
0-0: Ball 1-0: Foul Ball, location: 2F 1-1: Ball 2-1: Foul Ball, location: 2F 2-2: Ball 3-2: Base on Balls
|
Batting: RHB Victor Orozco
|
0-0: Called Strike 0-1: Ball Vic Lucatero steals 2nd base 1-1: Hit by Pitch
|
Pitching: RHP Austin Aubuchon
|
|
Batting: SHB Alfie Bungledorf
|
0-0: Swinging Strike 0-1: Ball 1-1: Ball 2-1: Ball 3-1: SINGLE (Groundball, 4S, EV 96.9 MPH) Vic Lucatero to third Victor Orozco to second Runner from 3rd tries for Home, SAFE, throw by CF to home
|
Batting: LHB Adam Tarbutton
|
0-0: Ball 1-0: Called Strike 1-1: Ball 2-1: Swinging Strike 2-2: Ball 3-2: Grounds out, U3 (Groundball, 3L, EV 83.8 MPH) Victor Orozco to third
|
Batting: RHB Mark Jones
|
0-0: Called Strike 0-1: Ball 1-1: Ball 2-1: Ground out 5-3 (Groundball, 56S, EV 81.3 MPH)
|
Top of the 1st over - 6 runs, 5 hits, 0 errors, 2 left on base; Chicago (NYP) 6 - Idaho Falls 0 |
BOTTOM OF THE 1ST |
Idaho Falls Chukars batting - Pitching for Chicago (NYP) White Sox : RHP Joe Schuler
|
Pitching: RHP Joe Schuler
|
|
Batting: SHB Ryoji Hiraoka
|
0-0: Foul Ball, location: 2F 0-1: Ball 1-1: SINGLE (Flyball, 6D, EV 90.6 MPH)
|
Batting: RHB Kevin Allen
|
0-0: Called Strike 0-1: Ball 1-1: SINGLE (Groundball, 34D, EV 99.4 MPH) Ryoji Hiraoka to second Runner from 2nd tries for 3rd, SAFE, throw by RF made at trailing runner, OUT! 9-6
|
Batting: LHB David Bearden
|
0-0: Ball 1-0: Called Strike 1-1: Ball 2-1: DOUBLE (Line Drive, 7LD, EV 107.5 MPH) Ryoji Hiraoka scores
|
Batting: LHB Josh Dalton
|
0-0: Ball 1-0: DOUBLE (Line Drive, 89XD, EV 113.1 MPH) David Bearden scores
|
Batting: RHB Nate De Jongh
|
0-0: Called Strike 0-1: Called Strike 0-2: Foul Ball, location: 2F 0-2: Strikes out swinging
|
Batting: RHB Justin Goff
|
0-0: Called Strike 0-1: Ground out 6-3 (Groundball, 6, EV 83.1 MPH)
|
Bottom of the 1st over - 2 runs, 4 hits, 0 errors, 1 left on base; Chicago (NYP) 6 - Idaho Falls 2 |
TOP OF THE 2ND |
Chicago (NYP) White Sox batting - Pitching for Idaho Falls Chukars : RHP Austin Aubuchon
|
Batting: LHB Larry Myers
|
0-0: Ball 1-0: Called Strike 1-1: Ball 2-1: Ball 3-1: Base on Balls
|
Batting: LHB Ryan Dyal
|
0-0: Called Strike 0-1: Ball 1-1: Ball 2-1: Ball 3-1: Base on Balls Larry Myers to second
|
Batting: LHB Carlos Ramirez
|
0-0: Ball 1-0: Ball 2-0: Ball 3-0: Base on Balls Larry Myers to third Ryan Dyal to second
|
Batting: RHB Yorkis Saiki
|
0-0: Ball 1-0: Ball 2-0: Ball 3-0: Called Strike 3-1: TRIPLE (Flyball, 7D, EV 106.9 MPH) Larry Myers scores Ryan Dyal scores Carlos Ramirez scores
|
Batting: RHB Vic Lucatero
|
0-0: Called Strike 0-1: Ball 1-1: Foul Ball, location: 2F 1-2: Foul Ball, location: 2F 1-2: Strikes out swinging
|
Batting: RHB Victor Orozco
|
0-0: Ball 1-0: 2-RUN HOME RUN (Flyball, 7LD, EV 91.3 MPH), Distance : 350 ft
|
Batting: SHB Alfie Bungledorf
|
0-0: Called Strike 0-1: Foul Ball, location: 2F 0-2: Ball 1-2: Foul Ball, location: 2F 1-2: SINGLE (Line Drive, 89S, EV 101.9 MPH)
|
Batting: LHB Adam Tarbutton
|
0-0: SINGLE (Groundball, 4MD, EV 103.8 MPH) Alfie Bungledorf to second
|
Batting: RHB Mark Jones
|
0-0: Ball 1-0: Ball 2-0: Foul Ball, location: 2F 2-1: Swinging Strike 2-2: SINGLE (Line Drive, 6MD, EV 97.5 MPH) Alfie Bungledorf to third Adam Tarbutton to second
|
Batting: LHB Larry Myers
|
0-0: Ball 1-0: Ball 2-0: Called Strike 2-1: Called Strike 2-2: Ball 3-2: GRAND SLAM HOME RUN (Flyball, 89XD, EV 99.4 MPH), Distance : 389 ft
|
Pitching: RHP Danny Ballenger
|
|
Batting: LHB Ryan Dyal
|
0-0: Foul Ball, location: 2F 0-1: Foul Ball, location: 2F 0-2: Ball 1-2: Ball 2-2: Ball 3-2: Reached via error on a dropped throw from 1B, E1 (Groundball, 34, EV 105.0 MPH)
|
Batting: LHB Carlos Ramirez
|
Balk! Ryan Dyal to second 0-0: Swinging Strike 0-1: Ball 1-1: Called Strike 1-2: Foul Ball, location: 2F 1-2: Ball Wild Pitch! Ryan Dyal to third 2-2: Foul Ball, location: 2F 2-2: Foul Ball, location: 2F 2-2: SINGLE (Line Drive, 78S, EV 96.9 MPH) Ryan Dyal scores
|
Batting: RHB Yorkis Saiki
|
0-0: Called Strike 0-1: Swinging Strike 0-2: Grounds into double play, 3-6-1 (Groundball, 34, EV 85.6 MPH)
|
Top of the 2nd over - 10 runs, 7 hits, 1 error, 0 left on base; Chicago (NYP) 16 - Idaho Falls 2 |
BOTTOM OF THE 2ND |
Idaho Falls Chukars batting - Pitching for Chicago (NYP) White Sox : RHP Joe Schuler
|
Batting: RHB Eric Erickson
|
0-0: Fly out, F3 (Popup, 3SF, EV 76.9 MPH)
|
Batting: RHB Edwin Ramos
|
0-0: Fly out, F3 (Popup, 34, EV 75.6 MPH)
|
Batting: RHB Timotheus Cooper
|
0-0: Ball 1-0: SINGLE (Groundball, 56D, EV 100.0 MPH)
|
Batting: SHB Ryoji Hiraoka
|
0-0: Foul Ball, location: 2F 0-1: Called Strike 0-2: Ball 1-2: Strikes out swinging
|
Bottom of the 2nd over - 0 runs, 1 hit, 0 errors, 1 left on base; Chicago (NYP) 16 - Idaho Falls 2 |
TOP OF THE 3RD |
Chicago (NYP) White Sox batting - Pitching for Idaho Falls Chukars : RHP Danny Ballenger
|
Batting: RHB Vic Lucatero
|
0-0: Ball 1-0: Ball 2-0: Foul Ball, location: 2F 2-1: Swinging Strike 2-2: Foul Ball, location: 2F 2-2: Strikes out swinging
|
Batting: RHB Victor Orozco
|
0-0: Called Strike 0-1: Ball 1-1: Foul Ball, location: 2F 1-2: SINGLE (Line Drive, 6MD, EV 103.1 MPH)
|
Batting: SHB Alfie Bungledorf
|
0-0: Swinging Strike Balk! Victor Orozco to second 0-1: Foul Ball, location: 2F 0-2: Foul Ball, location: 2F 0-2: Ground out 4-3 (Groundball, 4, EV 85.0 MPH) Victor Orozco to third
|
Batting: LHB Adam Tarbutton
|
0-0: Ball 1-0: Ball Passed Ball! Victor Orozco scores 2-0: Called Strike 2-1: Ball 3-1: Called Strike 3-2: Strikes out swinging
|
Top of the 3rd over - 1 run, 1 hit, 0 errors, 0 left on base; Chicago (NYP) 17 - Idaho Falls 2 |
BOTTOM OF THE 3RD |
Idaho Falls Chukars batting - Pitching for Chicago (NYP) White Sox : RHP Joe Schuler
|
Batting: RHB Kevin Allen
|
0-0: Called Strike 0-1: Ball 1-1: Ball 2-1: Ground out 6-3 (Groundball, 6, EV 101.9 MPH)
|
Batting: LHB David Bearden
|
0-0: Called Strike 0-1: Fly out, F9 (Flyball, 9S, EV 85.6 MPH)
|
Batting: LHB Josh Dalton
|
0-0: Ball 1-0: Called Strike 1-1: Ground out 4-3 (Groundball, 34, EV 108.1 MPH)
|
Bottom of the 3rd over - 0 runs, 0 hits, 0 errors, 0 left on base; Chicago (NYP) 17 - Idaho Falls 2 |
TOP OF THE 4TH |
Chicago (NYP) White Sox batting - Pitching for Idaho Falls Chukars : RHP Danny Ballenger
|
Batting: RHB Mark Jones
|
0-0: Called Strike 0-1: Ground out 6-3 (Groundball, 56, EV 97.5 MPH)
|
Batting: LHB Larry Myers
|
0-0: Ball 1-0: Called Strike 1-1: Called Strike 1-2: Ball 2-2: Ball 3-2: Base on Balls
|
Pitching: LHP Manny Berrones
|
|
Batting: LHB Ryan Dyal
|
0-0: Called Strike 0-1: SINGLE (Groundball, 6MD, EV 103.8 MPH) Larry Myers to second
|
Batting: LHB Carlos Ramirez
|
0-0: Foul Ball, location: 2F 0-1: Ball Wild Pitch! Larry Myers to third Ryan Dyal to second 1-1: Ground out 4-3 (Groundball, 4, EV 87.5 MPH) Larry Myers scores Ryan Dyal to third
|
Batting: RHB Yorkis Saiki
|
0-0: Fly out, F3 (Popup, 3F, EV 73.1 MPH)
|
Top of the 4th over - 1 run, 1 hit, 0 errors, 1 left on base; Chicago (NYP) 18 - Idaho Falls 2 |
BOTTOM OF THE 4TH |
Idaho Falls Chukars batting - Pitching for Chicago (NYP) White Sox : RHP Joe Schuler
|
Batting: RHB Nate De Jongh
|
0-0: Ball 1-0: Ball 2-0: Called Strike 2-1: Ground out 1-3 (Groundball, 13S, EV 70.6 MPH)
|
Batting: RHB Justin Goff
|
0-0: Foul Ball, location: 2F 0-1: Ball 1-1: Called Strike 1-2: Ball 2-2: Strikes out looking
|
Batting: RHB Eric Erickson
|
0-0: Ball 1-0: Ball 2-0: Ball 3-0: Called Strike 3-1: Called Strike 3-2: Base on Balls
|
Batting: RHB Edwin Ramos
|
0-0: Ball 1-0: Ball 2-0: Called Strike 2-1: Ball 3-1: Base on Balls Eric Erickson to second
|
Batting: RHB Timotheus Cooper
|
0-0: Ball 1-0: Ball 2-0: Called Strike 2-1: Ball 3-1: Foul Ball, location: 2F 3-2: SINGLE (Groundball, P, EV 99.4 MPH) Eric Erickson to third Edwin Ramos to second Eric Erickson scores Edwin Ramos to third
|
Batting: SHB Ryoji Hiraoka
|
0-0: Ball 1-0: Ball 2-0: Foul Ball, location: 2F 2-1: Foul Ball, location: 2F 2-2: SINGLE (Flyball, 56D, EV 95.6 MPH) Edwin Ramos scores Timotheus Cooper to second
|
Batting: RHB Kevin Allen
|
0-0: Fielders Choice at 2nd, 6-4 (Groundball, 6, EV 86.9 MPH)
|
Bottom of the 4th over - 2 runs, 2 hits, 0 errors, 2 left on base; Chicago (NYP) 18 - Idaho Falls 4 |
TOP OF THE 5TH |
Chicago (NYP) White Sox batting - Pitching for Idaho Falls Chukars : LHP Manny Berrones
|
Batting: RHB Vic Lucatero
|
0-0: Called Strike 0-1: Ball 1-1: Swinging Strike 1-2: Strikes out swinging
|
Batting: RHB Victor Orozco
|
0-0: Foul Ball, location: 2F 0-1: Ball 1-1: Foul Ball, location: 2F 1-2: Foul Ball, location: 2F 1-2: Ball 2-2: Ball 3-2: Ground out 6-3 (Groundball, 6, EV 88.1 MPH)
|
Batting: SHB Alfie Bungledorf
|
0-0: Ball 1-0: Fly out, F8 (Flyball, 8LD, EV 108.8 MPH)
|
Top of the 5th over - 0 runs, 0 hits, 0 errors, 0 left on base; Chicago (NYP) 18 - Idaho Falls 4 |
BOTTOM OF THE 5TH |
Idaho Falls Chukars batting - Pitching for Chicago (NYP) White Sox : RHP Joe Schuler
|
Batting: LHB David Bearden
|
0-0: Called Strike 0-1: Foul Ball, location: 2F 0-2: Ball 1-2: Ball 2-2: Foul Ball, location: 2F 2-2: Foul Ball, location: 2F 2-2: Strikes out swinging
|
Batting: LHB Josh Dalton
|
0-0: Ball 1-0: Foul Ball, location: 2F 1-1: Ball 2-1: SINGLE (Line Drive, 9S, EV 97.5 MPH)
|
Batting: RHB Nate De Jongh
|
0-0: Ball 1-0: Swinging Strike 1-1: Foul Ball, location: 2F 1-2: Ball 2-2: Strikes out looking
|
Batting: RHB Justin Goff
|
0-0: Fly out, F7 (Flyball, 7S, EV 86.9 MPH)
|
Bottom of the 5th over - 0 runs, 1 hit, 0 errors, 1 left on base; Chicago (NYP) 18 - Idaho Falls 4 |
TOP OF THE 6TH |
Chicago (NYP) White Sox batting - Pitching for Idaho Falls Chukars : LHP Manny Berrones
|
Batting: LHB Adam Tarbutton
|
0-0: Ball 1-0: Ball 2-0: Ball 3-0: Base on Balls
|
Batting: RHB Mark Jones
|
0-0: Called Strike 0-1: Fielders Choice at 2nd, 6-4 (Groundball, 6, EV 103.8 MPH)
|
Batting: LHB Larry Myers
|
0-0: Ball 1-0: Foul Ball, location: 2F 1-1: Ball 2-1: Ball 3-1: DOUBLE (Line Drive, 9LS, EV 90.6 MPH) Mark Jones to third
|
Batting: LHB Ryan Dyal
|
Balk! Mark Jones scores Larry Myers to third 0-0: Ball 1-0: Ground out 4-3 (Groundball, P, EV 81.3 MPH) Larry Myers scores
|
Batting: LHB Carlos Ramirez
|
0-0: SOLO HOME RUN (Line Drive, 9LD, EV 98.1 MPH), Distance : 376 ft
|
Batting: RHB Yorkis Saiki
|
0-0: Ball 1-0: Called Strike 1-1: Ground out 4-3 (Groundball, 4M, EV 100.6 MPH)
|
Top of the 6th over - 3 runs, 2 hits, 0 errors, 0 left on base; Chicago (NYP) 21 - Idaho Falls 4 |
BOTTOM OF THE 6TH |
Idaho Falls Chukars batting - Pitching for Chicago (NYP) White Sox : RHP Joe Schuler
|
Batting: RHB Eric Erickson
|
0-0: Swinging Strike 0-1: Ball 1-1: Swinging Strike 1-2: Strikes out swinging
|
Pitching: RHP Frank Gamez
|
|
Batting: RHB Edwin Ramos
|
0-0: Ball 1-0: Foul Ball, location: 2F 1-1: Swinging Strike 1-2: Strikes out looking
|
Batting: RHB Timotheus Cooper
|
0-0: Called Strike 0-1: Ball 1-1: Swinging Strike 1-2: Strikes out looking
|
Bottom of the 6th over - 0 runs, 0 hits, 0 errors, 0 left on base; Chicago (NYP) 21 - Idaho Falls 4 |
TOP OF THE 7TH |
Chicago (NYP) White Sox batting - Pitching for Idaho Falls Chukars : LHP Manny Berrones
|
Batting: RHB Vic Lucatero
|
0-0: Called Strike 0-1: SINGLE (Groundball, 25, EV 71.9 MPH) (infield hit)
|
Batting: RHB Victor Orozco
|
0-0: Called Strike 0-1: Foul Ball, location: 2F 0-2: Strikes out swinging
|
Pitching: RHP Joe Cozart
|
|
Pinch Hitting: RHB Corban Stavrakis
|
0-0: Ball 1-0: Foul Ball, location: 2F Balk! Vic Lucatero to second 1-1: Foul Ball, location: 2F 1-2: Ball 2-2: Ball 3-2: Base on Balls
|
Batting: LHB Adam Tarbutton
|
0-0: Called Strike 0-1: Called Strike 0-2: Ball 1-2: Foul Ball, location: 2F 1-2: Fly out, F6 (Popup, 6, EV 55.6 MPH)
|
Pinch Hitting: RHB Carsten Koers
|
0-0: Ball 1-0: Ball 2-0: Ball 3-0: Called Strike Balk! Vic Lucatero to third Corban Stavrakis to second 3-1: Ground out 4-3 (Groundball, 4M, EV 90.0 MPH)
|
Top of the 7th over - 0 runs, 1 hit, 0 errors, 2 left on base; Chicago (NYP) 21 - Idaho Falls 4 |
BOTTOM OF THE 7TH |
Idaho Falls Chukars batting - Pitching for Chicago (NYP) White Sox : RHP Frank Gamez
|
Now at SS: Carsten Koers
|
|
Now in RF: Corban Stavrakis
|
|
Batting: SHB Ryoji Hiraoka
|
0-0: Called Strike 0-1: Called Strike 0-2: Strikes out looking
|
Batting: RHB Kevin Allen
|
0-0: Ball 1-0: Called Strike 1-1: Ball 2-1: Ball 3-1: Base on Balls
|
Batting: LHB David Bearden
|
0-0: Ball Kevin Allen steals 2nd base (no throw) 1-0: Fly out, F7 (Flyball, 7LM, EV 79.4 MPH)
|
Batting: LHB Josh Dalton
|
0-0: Swinging Strike 0-1: Ball 1-1: Swinging Strike 1-2: Strikes out looking
|
Bottom of the 7th over - 0 runs, 0 hits, 0 errors, 1 left on base; Chicago (NYP) 21 - Idaho Falls 4 |
TOP OF THE 8TH |
Chicago (NYP) White Sox batting - Pitching for Idaho Falls Chukars : RHP Joe Cozart
|
Batting: LHB Larry Myers
|
0-0: Called Strike 0-1: Ball 1-1: Ball 2-1: Ball 3-1: Foul Ball, location: 2F 3-2: Base on Balls
|
Batting: LHB Ryan Dyal
|
0-0: Called Strike 0-1: Foul Ball, location: 2F 0-2: Ball 1-2: Fly out, F8 (Line Drive, 8RM, EV 103.1 MPH)
|
Pinch Hitting: LHB Jeff Alphonso
|
0-0: Swinging Strike 0-1: Called Strike 0-2: Foul Ball, location: 2F 0-2: Strikes out swinging
|
Batting: RHB Yorkis Saiki
|
0-0: Called Strike 0-1: Ground out 4-3 (Groundball, 4S, EV 66.9 MPH)
|
Top of the 8th over - 0 runs, 0 hits, 0 errors, 1 left on base; Chicago (NYP) 21 - Idaho Falls 4 |
BOTTOM OF THE 8TH |
Idaho Falls Chukars batting - Pitching for Chicago (NYP) White Sox : RHP Frank Gamez
|
Now at 1B: Josh Pittman
|
|
Batting: RHB Nate De Jongh
|
0-0: Fly out, F9 (Flyball, 9LM, EV 93.1 MPH)
|
Batting: RHB Justin Goff
|
0-0: Ball 1-0: Foul Ball, location: 2F 1-1: SINGLE (Groundball, 6MD, EV 94.4 MPH)
|
Pitching: LHP Matt Schwartz
|
|
Pinch Hitting: RHB Chad Sullivan
|
0-0: Called Strike 0-1: Ball 1-1: Ball 2-1: DOUBLE (Line Drive, 89M, EV 95.6 MPH) Justin Goff to third
|
Batting: RHB Edwin Ramos
|
0-0: Swinging Strike 0-1: Ball 1-1: Ball 2-1: Foul Ball, location: 2F 2-2: Strikes out swinging
|
Batting: RHB Timotheus Cooper
|
0-0: Called Strike 0-1: Ground out 6-3 (Groundball, 56D, EV 109.4 MPH)
|
Bottom of the 8th over - 0 runs, 2 hits, 0 errors, 2 left on base; Chicago (NYP) 21 - Idaho Falls 4 |
TOP OF THE 9TH |
Chicago (NYP) White Sox batting - Pitching for Idaho Falls Chukars : RHP Joe Cozart
|
Now in CF: Chad Sullivan
|
|
Batting: RHB Vic Lucatero
|
0-0: Ball 1-0: Fly out, F6 (Line Drive, 6, EV 68.8 MPH)
|
Batting: RHB Victor Orozco
|
0-0: Called Strike 0-1: Ground out 6-3 (Groundball, 6, EV 103.8 MPH)
|
Batting: RHB Corban Stavrakis
|
0-0: Ball 1-0: Ball 2-0: Foul Ball, location: 2F 2-1: Called Strike 2-2: Ball 3-2: Ground out 5-3 (Groundball, 5, EV 85.6 MPH)
|
Top of the 9th over - 0 runs, 0 hits, 0 errors, 0 left on base; Chicago (NYP) 21 - Idaho Falls 4 |
BOTTOM OF THE 9TH |
Idaho Falls Chukars batting - Pitching for Chicago (NYP) White Sox : LHP Matt Schwartz
|
Pinch Hitting: RHB Adam Krieger
|
0-0: Ball 1-0: Called Strike 1-1: Called Strike 1-2: Ball 2-2: Foul Ball, location: 2F 2-2: Foul Ball, location: 2F 2-2: SINGLE (Groundball, 6MD, EV 95.6 MPH)
|
Batting: RHB Kevin Allen
|
0-0: Called Strike 0-1: Ball 1-1: Foul Ball, location: 2F 1-2: SINGLE (Groundball, 4MD, EV 104.4 MPH) Adam Krieger to second
|
Batting: RHB Ben Minge
|
0-0: Ball 1-0: Ball 2-0: Ball 3-0: Called Strike 3-1: Fly out, F4 (Popup, 34D, EV 47.5 MPH)
|
Batting: LHB Josh Dalton
|
0-0: Foul Ball, location: 2F 0-1: Called Strike 0-2: Ball 1-2: Ball 2-2: Strikes out swinging
|
Batting: RHB Nate De Jongh
|
0-0: Called Strike 0-1: Ball 1-1: Ball 2-1: Fly out, F3 (Popup, 3F, EV 57.5 MPH)
|
Bottom of the 9th over - 0 runs, 2 hits, 0 errors, 2 left on base; Chicago (NYP) 21 - Idaho Falls 4 |
|